 Dungeon Crawl Stone Soup version 0.31-a0-1074-g0b22e4e0f1 (webtiles) character file.

Game seed: 5869474069463257869

3082 Jeffwins the Skirmisher (level 9, -7/100 HPs)
             Began as an Armataur Hunter on Nov 27, 2023.
             Was an Initiate of Gozag.
             Mangled by a death yak (15 damage)
             ... on level 8 of the Dungeon.
             The game lasted 00:16:40 (8682 turns).

Jeffwins the Skirmisher (Armataur Hunter)           Turns: 8682, Time: 00:16:40

Health: -7/100     AC: 11    Str:  9 (15) XL:     9   Next: 58%
Magic:  9/9        EV:  9    Int: 16 (18) God:    Gozag
Gold:   92         SH:  0    Dex:  7 (13) Spells: 8/8 levels left

rFire   + . .        a - +1 sling (drain)
rCold   + . .        (no shield)
rNeg    . . .        z - +2 animal skin
rPois   +            y - +2 helmet
rElec   .            (no cloak)
rCorr   .            (no gloves)
SInv    +            (no barding)
Will    .....        g - amulet of regeneration Stlth
                     v - ring of see invisible
HPRegen 1.16/turn    P - ring of poison resistance
MPRegen 0.11/turn

%: random rage (3%), roll
@: berserking, gold aura, attractive, very quick
A: large, deformed body, tough skin 3, armoured tail, roll 2, long tongue,
iridescent scales 1, berserk 1, clever 1, cold resistance 1, fire resistance 1
a: Renounce Religion, Potion Petition, Call Merchant, Bribe Branch


You were on level 8 of the Dungeon.
You worshipped Gozag.
Gozag was noncommittal.
You visited 1 branch of the dungeon, and saw 9 of its levels.

You collected 985 gold pieces.
You spent 816 gold pieces at shops.
You paid 77 gold pieces to Gozag.


Innate Abilities, Weirdness & Mutations

Armour fits poorly on your strangely shaped body.
You have extremely tough skin. (AC +3)
You have a long armoured tail.
You roll and regenerate health when moving toward enemies. (Rampage Heal)
Your long tongue fully drains potion bottles. (2x potion effects)
You are partially covered in iridescent scales. (AC +2)
You sometimes lose your temper in combat.
Your mind is acute. (Int +4, Str/Dex -1)
Your flesh is cold resistant. (rC+)
Your flesh is heat resistant. (rF+)


   Skills:
 - Level 1.7 Fighting
 * Level 9.3 Ranged Weapons
 - Level 1.3 Dodging
 - Level 1.1 Stealth
 + Level 7.1 Evocations


You had 8 spell levels left.
You didn't know any spells.
Your spell library contained the following spells:

 Spells                   Type           Power      Damage    Failure   Level
 Ensorcelled Hibernation  Hex/Ice        0%         N/A       36%         2
 Jinxbite                 Hex            0%         N/A       36%         2
 Passwall                 Tmut/Erth      0%         N/A       36%         2
 Sublimation of Blood     Necr           0%         N/A       36%         2
 Swiftness                Air            0%         N/A       58%         3
 Tukima's Dance           Hex            0%         N/A       58%         3
 Anguish                  Hex/Necr       0%         N/A       94%         4
 Leda's Liquefaction      Hex/Erth       0%         N/A       94%         4
 Passage of Golubria      Tloc           0%         N/A       94%         4
 Petrify                  Tmut/Erth      0%         N/A       94%         4
 Irradiate                Conj/Tmut      0%         3d11      100%        5
 Yara's Violent Unravell  Hex/Tmut       0%         3d3       100%        5
 Lehudib's Crystal Spear  Conj/Erth      0%         10d2      100%        8

Inventory:

Hand Weapons
 a - a +1 sling of draining (weapon)
 f - a +4 whip
 G - a +1 dagger of venom
 H - a +0 shortbow
Missiles
 k - 5 throwing nets {=f}
Armour
 y - a +2 helmet (worn)
 z - a +2 animal skin (worn)
 Q - the +0 leather armour "Bafemer" {rCorr Int+4 Dex-2}
   (You bought it in a shop on level 7 of the Dungeon)

   Int+4:     It affects your intelligence (+4).
   Dex-2:     It affects your dexterity (-2).
   rCorr:     It protects you from acid and corrosion.
Magical Staves
 l - a staff of earth
 K - a staff of air
Jewellery
 c - a ring of protection from cold
 g - an amulet of regeneration (around neck)
 v - a ring of see invisible (left hand)
 C - a ring of ice
 F - a ring of fire
 P - a ring of poison resistance (right hand)
 Z - a ring of wizardry
Talismans
 D - a flux talisman
Wands
 u - a wand of charming (3)
 A - a wand of flame (34)
Scrolls
 b - 3 scrolls of butterflies
 d - 3 scrolls of fog
 i - 3 scrolls of enchant weapon
 r - a scroll of enchant armour
 t - 2 scrolls of amnesia {unknown}
 w - 2 scrolls of torment {!r}
 x - a scroll of revelation
 L - a scroll of immolation {!r}
 M - a scroll of fear
 S - a scroll of blinking {unknown}
 T - a scroll of vulnerability {!r}
Potions
 j - 2 potions of might {unknown}
 m - 2 potions of berserk rage {!q}
 n - a potion of brilliance {unknown}
 o - a potion of degeneration {!q}
 p - a potion of enlightenment {unknown}
 q - 3 potions of mutation {!q}
 s - a potion of resistance {unknown}
 B - 2 potions of curing {unknown}
 E - a potion of haste {unknown}
 N - a potion of heal wounds {unknown}

Dungeon Overview and Level Annotations

Branches:
Dungeon (9/15)             Temple (0/1) D:6            Lair (0/5) D:8
    Orc: D:9-12

Altars:
Cheibriados
Dithmenos
Gozag
Kikubaaqudgha
Makhleb
Nemelex Xobeh
Ru
Trog
Uskayaw
Xom
The Shining One

Shops:
D:3 *:[*[   D:4 ?   D:5 ( D:7

[
.#..##.#
[.?....#
....#..#
......
....#
#..#
#..######
#.$YYYY@#
#########


You could see 3 death yaks and a yak (poisoned).


Message History

The death yak gores you!!
* * * LOW HITPOINT WARNING * * *
The death yak is distracted by your dazzling golden aura.
The death yak bellows!
Unknown command.
You are too berserk!
You clumsily bash the death yak.
Your tail-slap misses the death yak.
The death yak is severely wounded.
The yak is engulfed in poison gas.
The yak looks as sick as possible!
The death yak is distracted by your dazzling golden aura.
Unknown command.
You clumsily bash the death yak but do no damage.
The death yak is no longer distracted by gold.
You tail-slap the death yak.
The death yak is severely wounded.
The death yak is no longer distracted by gold.
The death yak gores you!
* * * LOW HITPOINT WARNING * * *
The yak is engulfed in poison gas.
The yak looks as sick as possible!
You clumsily bash the death yak.
The death yak is almost dead.
The death yak gores you but does no damage.
The yak is engulfed in poison gas.
The yak looks as sick as possible!
Unknown command.
You clumsily bash the death yak but do no damage.
The death yak is almost dead.
You kill the yak!
The death yak gores you!
You die...
Your body crumbles into a pile of gold.

Skill      XL: |  1  2  3  4  5  6  7  8  9 |
---------------+----------------------------+-----
Ranged Weapons | 3 4 5 6 8 9 |  9.3
Evocations     | 1 2 4 5 7 |  7.1
Fighting       | |  1.7
Dodging        | |  1.3
Stealth        | |  1.1

Action                     |  1- 3 |  4- 6 |  7- 9 || total
---------------------------+-------+-------+-------++-------
  Melee: Dagger            |       |       |     5 ||     5
         Tailslap          |       |       |     2 ||     2
         Sling             |       |       |     4 ||     4
   Fire: Shortbow          |   136 |   221 |       ||   357
         Sling             |       |    97 |   412 ||   509
  Evoke: Wand              |       |     6 |     6 ||    12
    Use: Scroll            |       |       |    17 ||    17
         Potion            |       |       |     6 ||     6
 Armour: Leather armour    |    36 |    56 |       ||    92
         Animal skin       |       |   135 |   303 ||   438
  Dodge: Dodged            |    47 |   132 |   192 ||   371

Levels and vault maps discovered:
D:1:      wander_arrival_chamber, layout_loops_corners,
          corexii_item_surrounded_by_moat
D:2:      layout_loops_ring, shapermc_ecumenical_altar_mp_highgroup,
          minmay_between
D:3:      layout_basic, serial_shops, shop, shop,
          nicolae_shop_tiny_statue_garden, shop, nicolae_shop_back_alley_shop,
          minmay_misc_feat_diagonals, nicolae_goblin_pals
D:4:      layout_loops_ring, nicolae_overflow_macrodata_refinement, tso_altar,
          serial_shops, nicolae_shop_tiny_statue_garden
D:5:      gammafunk_steamed_eel, layout_layer_cave, makhleb_altar_promises_db,
          serial_shops, shop
D:6:      layout_basic, minmay_temple_entry_stoned_glass,
          chequers_serial_rivers_micro_d, grunt_decor_mini_mirrors,
          kennysheep_minor_cross, chequers_serial_rivers_room_b,
          hangedman_feature_mirror
D:7:      layout_basic, trog_three_pillars_becter,
          chequers_temple_overflow_statue_of_worship, serial_shops, shop,
          serial_demonic, serial_demonic_f, serial_demonic_e, serial_demonic_a,
          serial_demonic_d, serial_demonic_a, serial_demonic_b,
          serial_demonic_f, uniq_menkaure
D:8:      layout_basic, dpeg_lair_monsters, nicolae_phantomly_mirrored,
          uniq_erica
D:9:      layout_rooms, kennysheep_mini_moat, minmay_protected_statue

Notes
Turn   | Place    | Note
-------+----------+-------------------------------------------
     0 | D:1      | Jeffwins the Armataur Hunter began the quest for the Orb.
     0 | D:1      | Reached XP level 1. HP: 17/17 MP: 1/1
    62 | D:1      | Reached skill level 3 in Ranged Weapons
   352 | D:1      | Reached XP level 2. HP: 24/24 MP: 2/2
  1036 | D:2      | Reached XP level 3. HP: 29/29 MP: 3/3
  1147 | D:2      | You fall into a shaft and drop 2 floors!
  1187 | D:4      | Reached skill level 4 in Ranged Weapons
  1199 | D:3      | Found Nutauscho's Assorted Antiques.
  1399 | D:3      | Found Itwipodu's Armour Shoppe.
  1408 | D:3      | Found Holuupun's Book Emporium.
  1438 | D:3      | Found Cibierch's Antique Armour Boutique.
  1484 | D:3      | Reached XP level 4. HP: 17/36 MP: 4/4
  1602 | D:2      | Found a faded altar of an unknown god.
  2097 | D:3      | Found Oqoep's Assorted Antiques.
  2277 | D:3      | Noticed Ijyb
  2278 | D:3      | Noticed Robin
  2594 | D:3      | Reached XP level 5. HP: 27/41 MP: 5/5
  2685 | D:3      | Reached skill level 5 in Ranged Weapons
  2778 | D:3      | Killed Robin
  3204 | D:3      | Killed Ijyb
  3400 | D:4      | Found a hide-covered altar of Uskayaw.
  3404 | D:4      | Found an opulent altar of Gozag.
  3406 | D:4      | Found a shimmering altar of Xom.
  3425 | D:4      | Found a snail-covered altar of Cheibriados.
  3426 | D:4      | Became a worshipper of Gozag Ym Sagoz the Greedy
  3455 | D:4      | Reached skill level 1 in Evocations
  3464 | D:4      | Found Heggeyvy's Magic Scroll Boutique.
  3577 | D:4      | Found a glowing golden altar of the Shining One.
  3741 | D:4      | Reached XP level 6. HP: 25/48 MP: 6/6
  4117 | D:5      | Entered Level 5 of the Dungeon
  4122 | D:5      | Found Qunop's Weapon Emporium.
  4129 | D:5      | Got Cozu's Book of Grit and Guile
  4138 | D:5      | Bought a +1 sling of draining for 145 gold pieces
  4165 | D:5      | Found a transporter.
  4367 | D:5      | Reached skill level 2 in Evocations
  4607 | D:5      | Found a transporter.
  5020 | D:5      | Reached skill level 6 in Ranged Weapons
  5020 | D:5      | Gained mutation: You roll and regenerate health when moving
                  | toward enemies. (Rampage Heal) [Armataur growth]
  5020 | D:5      | Reached XP level 7. HP: 53/53 MP: 7/7
  5095 | D:5      | Found a burning altar of Makhleb.
  5095 | D:5      | Noticed a balrug
  5331 | D:5      | Reached skill level 3 in Evocations
  5574 | D:6      | Found a shadowy altar of Dithmenos.
  5902 | D:6      | Found a sparkling altar of Nemelex Xobeh.
  5915 | D:6      | Reached skill level 4 in Evocations
  6036 | D:6      | Found a staircase to the Ecumenical Temple.
  6097 | D:6      | Reached XP level 8. HP: 60/60 MP: 8/8
  6488 | D:6      | Reached skill level 7 in Ranged Weapons
  6816 | D:7      | Found a bloodstained altar of Trog.
  7113 | D:7      | Found Uddohup's Antique Armour Shoppe.
  7124 | D:7      | Bought a bloodstained leather armour for 217 gold pieces
  7124 | D:7      | Identified the +0 leather armour "Bafemer" {rCorr Int+4
                  | Dex-2} (You bought it in a shop on level 7 of the Dungeon)
  7159 | D:7      | Reached skill level 5 in Evocations
  7307 | D:7      | Noticed Menkaure
  7317 | D:7      | Killed Menkaure
  7562 | D:7      | Reached skill level 8 in Ranged Weapons
  7737 | D:7      | Found a sacrificial altar of Ru.
  7739 | D:7      | Found an ancient bone altar of Kikubaaqudgha.
  8223 | D:3      | Bought a scroll labelled PUF SAANAG for 18 gold pieces
  8223 | D:3      | Bought 2 black potions for 32 gold pieces
  8223 | D:3      | Bought a fuming silvery potion for 16 gold pieces
  8223 | D:3      | Bought 2 scrolls of fog for 144 gold pieces
  8270 | D:3      | Bought a twisted malachite amulet for 155 gold pieces
  8275 | D:3      | Bought a scroll labelled YNLAEK YLIURY for 31 gold pieces
  8275 | D:3      | Bought a golden potion for 27 gold pieces
  8275 | D:3      | Bought a scroll labelled NUNLEY YNUA for 31 gold pieces
  8482 | D:8      | Reached XP level 9. HP: 66/67 MP: 9/9
  8486 | D:8      | Reached skill level 6 in Evocations
  8553 | D:8      | Noticed Erica
  8569 | D:8      | Killed Erica
  8570 | D:8      | Reached skill level 9 in Ranged Weapons
  8571 | D:8      | Found a staircase to the Lair.
  8572 | D:8      | Noticed a death yak
  8576 | D:8      | Noticed a death yak
  8579 | D:8      | Noticed a death yak
  8676 | D:8      | Gained mutation: Your mind is acute. (Int +4, Str/Dex -1)
                  | [potion of mutation]
  8676 | D:8      | Gained mutation: You sometimes lose your temper in combat.
                  | [potion of mutation]
  8676 | D:8      | Gained mutation: Your flesh is heat resistant. (rF+)
                  | [potion of mutation]
  8676 | D:8      | Gained mutation: You are partially covered in iridescent
                  | scales. (AC +2) [potion of mutation]
  8676 | D:8      | Gained mutation: Your flesh is cold resistant. (rC+)
                  | [potion of mutation]
  8677 | D:8      | Reached skill level 7 in Evocations
  8680 | D:8      | HP: 5/100 [death yak (11)]
  8682 | D:8      | Mangled by a death yak

Vanquished Creatures
  Erica (D:8)
  2 yaks (D:8)
  A steam dragon (D:7)
  Menkaure (D:7)
  2 water moccasins
  An orc warrior (D:8)
  2 black bears
  2 bullfrogs
  A gnoll sergeant (D:8)
  2 scorpions
  3 wights (D:7)
  2 electric eels (D:5)
  A howler monkey (D:8)
  A jelly (D:6)
  3 quasits (D:7)
  A gnoll bouda (D:5)
  3 hounds
  An orc priest (D:3)
  A sleepcap (D:6)
  Ijyb (D:3)
  An iguana (D:5)
  4 orc wizards
  Robin (D:3)
  17 gnolls
  6 adders
  6 shadow imps (D:7)
  5 white imps (D:7)
  4 ufetubi
  2 worms
  9 orcs
  5 ball pythons
  10 endoplasms
  3 giant cockroaches
  5 goblins
  15 hobgoblins
  6 jackals
  3 quokkas
  7 bats
  2 frilled lizards
  8 kobolds
  6 rats
157 creatures vanquished.

Vanquished Creatures (collateral kills)
  A yak (D:8)
  An orc priest (D:8)
  2 orcs (D:8)
4 creatures vanquished.

Vanquished Creatures (others)
  A yak (D:8)
  An orc priest (D:3)
2 creatures vanquished.

Grand Total: 163 creatures vanquished

Table legend: (Time is in decaauts)
 A = Elapsed time spent in this place.
 B = Non-inter-level travel time spent in this place.
 C = Inter-level travel time spent in this place.
 D = Time resting spent in this place.
 E = Time spent auto-exploring this place.
 F = Levels seen in this place.
 G = Mean time per level.
                   A        B        C        D        E       F      G
               +--------+--------+--------+--------+--------+-----+--------+
         Total |   8790 |   7892 |    898 |    189 |   6041 |   9 |  976.7 |
       Dungeon |   8790 |   7892 |    898 |    189 |   6041 |   9 |  976.7 |
               +--------+--------+--------+--------+--------+-----+--------+

Top non-repeatable levels by time:
     D:3: 1832 daAuts
     D:7: 1513 daAuts
     D:5: 1504 daAuts
     D:6: 1116 daAuts
     D:4: 920 daAuts
     D:1: 820 daAuts
     D:2: 755 daAuts
     D:8: 309 daAuts
     D:9: 17 daAuts

Table legend:
 A = Non-vault XP
 B = Vault XP
 C = Vault XP percentage of total XP
 D = Non-vault monster count
 E = Vault monster count
 F = Vault count percentage of total count
                 A         B        C        D         E       F
            +---------+---------+-------+---------+---------+-------
      Total |    2355 |    2255 |  48.9 |     126 |      35 |  21.7
            +---------+---------+-------+---------+---------+-------
        D:1 |      23 |       0 |   0.0 |      14 |       0 |   0.0
        D:2 |      39 |       9 |  18.8 |      17 |       5 |  22.7
        D:3 |     155 |      61 |  28.2 |      27 |       7 |  20.6
        D:4 |     154 |       0 |   0.0 |      14 |       0 |   0.0
        D:5 |     389 |     112 |  22.4 |      15 |       2 |  11.8
        D:6 |     425 |     183 |  30.1 |      11 |       2 |  15.4
        D:7 |     767 |     422 |  35.5 |      14 |      15 |  51.7
        D:8 |     403 |    1468 |  78.5 |      14 |       4 |  22.2
            +---------+---------+-------+---------+---------+-------
